 Dungeon Crawl Stone Soup version 0.21.1-1-g345015f (webtiles) character file.

3836 prawnwizard the Martial Artist (level 10, -14/68 HPs)
             Began as an Octopode Transmuter on July 22, 2018.
             Was an Elder of Okawaru.
             Demolished by a two-headed ogre
             ... wielding a +0 giant club
              (27 damage)
             ... on level 7 of the Dungeon.
             The game lasted 00:17:23 (8880 turns).

prawnwizard the Martial Artist (OpTm)               Turns: 8880, Time: 00:17:24

Health: -14/68     AC:  1    Str: 10    XL:     10   Next: 18%
Magic:  18/18      EV: 17    Int: 16    God:    Okawaru [****..]
Gold:   326        SH:  0    Dex: 15    Spells: 10/20 levels left

rFire    + . .     SeeInvis .     - Unarmed
rCold    . . .     Gourm    .   (no shield)
rNeg     + . .     Faith    .   (helmet restricted)
rPois    .         Spirit   .   (no amulet)
rElec    .         Reflect  .   k - ring of protection from fire
rCorr    .         Harm     .   j - ring of positive energy
MR       .....                  (no ring)
Stlth    ++........             (no ring)
HPRegen  0.21/turn              (no ring)
MPRegen  0.16/turn              (no ring)
                                (no ring)
                                (no ring)

@: no status effects
A: almost no armour, stealthy swim, amphibious, 8 rings, constrict 8, camouflage
1, gelatinous body 1
a: Heroism, Renounce Religion


You were on level 7 of the Dungeon.
You worshipped Okawaru.
Okawaru was greatly pleased with you.
You were not hungry.

You visited 2 branches of the dungeon, and saw 9 of its levels.

You collected 326 gold pieces.

Inventory:

Missiles
 a - 44 arrows
Magical Staves
 y - an uncursed staff of cold
Jewellery
 j - a ring of positive energy (right tentacle)
 k - a ring of protection from fire (left tentacle)
Wands
 h - a wand of clouds (18)
 l - a wand of polymorph (28)
 m - a wand of paralysis (7)
 t - a wand of disintegration (9)
 u - a wand of flame (21)
 v - a wand of acid (11)
Scrolls
 d - 3 scrolls of remove curse
 g - a scroll of fear
 i - 3 scrolls of immolation
 q - 3 scrolls of identify
 s - a scroll of blinking
Potions
 e - 3 potions of curing {unknown}
 f - a potion of magic
 n - a potion of experience {unknown}
 o - 2 potions of ambrosia
 p - 2 potions of flight {unknown}
 r - a potion of lignification {unknown}
 w - a potion of heal wounds {unknown}
 x - a potion of haste {unknown}
Books
 b - a book of Changes

   Spells                             Type                      Level
   a - Beastly Appendage              Transmutation                1
   b - Sticks to Snakes               Transmutation                2
   c - Spider Form                    Transmutation/Poison         3
   d - Ice Form                       Ice/Transmutation            4
   e - Blade Hands                    Transmutation                5
Comestibles
 c - 5 rations


   Skills:
 + Level 5.7 Fighting
 + Level 6.1 Dodging
 * Level 9.0 Unarmed Combat
 + Level 5.5 Spellcasting
 + Level 6.1 Transmutations


You had 10 spell levels left.
You knew the following spells:

 Your Spells              Type           Power        Failure   Level  Hunger
a - Beastly Appendage     Tmut           ###...       1%          1    None
b - Sticks to Snakes      Tmut           ###.....     1%          2    #......
c - Spider Form           Tmut/Pois      ##........   12%         3    ###....
d - Ice Form              Ice/Tmut       ##......     38%         4    ####...


Dungeon Overview and Level Annotations

Branches:
Dungeon (8/15)             Temple (1/1) D:4
   Lair: D:8-11

Altars:
Ashenzari
Cheibriados
Dithmenos
Elyvilon
Fedhas
Gozag
Hepliaklqana
Kikubaaqudgha
Makhleb
Nemelex Xobeh
Okawaru
Qazlal
Ru
Sif Muna
Trog
Uskayaw
Vehumet
Wu Jian
Xom
Zin
The Shining One

Shops:
D:5 ?


Innate Abilities, Weirdness & Mutations

You cannot wear most types of armour.
You are very stealthy in the water. (Stealth+)
You are amphibious.
You can wear up to eight rings at the same time.
You can use your tentacles to constrict eight enemies at once.
Your skin changes colour to match your surroundings (Stealth+).
Your rubbery body absorbs attacks. (AC +1, EV +1)


Message History

You feel as if something is helping you.
You are now empty-tentacled.
Done exploring.
There is an open door here.
There is a stone staircase leading down here.
Casting: Spider Form
Confirm with . or Enter, or press ? or * to list all spells.
Okay, then.
You climb downwards.
The two-headed ogre hits you with a giant club!
The two-headed ogre hits you with a giant club.
The two-headed ogre hits you with a giant club!!
The two-headed ogre barely misses you.
There is a stone staircase leading up, spattered with blood here.
You climb upwards.
There is a stone staircase leading down here.
The two-headed ogre hits you with a giant club!!
* * * LOW HITPOINT WARNING * * *
The two-headed ogre hits you with a giant club!!
You die...

#.# #....# #.(... ..####....#
#..... .....'....# #.....
..####....# #..... #.####....#
#..... .[.[......# #.....
..####....# #.....
..######..######## #.....
...............O@###########.....
.#######...#####...........######
.# #.#.## #...........###### .#
#.#..####.................
.#######.......#########.########
...............).................
.##########..#.###.#####.#....##.
.# #[[#........)#.#....##. ##
#..#####.###.#.#....##.


You could see a two-headed ogre.

Vanquished Creatures
  A two-headed ogre (D:8)
  A hornet (D:7)
  Prince Ribbit (D:5)
  Sigmund (D:2)
  Menkaure (D:5)
  Edmund (D:5)
  A water moccasin (D:7)
  Purgy (D:3)
  2 ice beasts (D:6)
  A sky beast (D:6)
  A black bear (D:7)
  4 ogres
  A centaur (D:7)
  2 bullfrogs
  A scorpion (D:4)
  4 wights (D:7)
  A howler monkey (D:4)
  The ghost of prawnwizard the Insei, a weakling OpTm (D:3)
  2 crimson imps
  2 hounds
  4 orc priests
  4 orc wizards
  A centaur skeleton (D:8)
  Ijyb (D:3)
  3 iguanas
  Natasha (thrice) (D:3)
  4 worker ants
  2 hound skeletons
  A worker ant zombie (D:5)
  10 gnolls
  8 adders
  4 shadow imps
  2 adder zombies
  3 worms
  A dart slug (D:3)
  3 leopard geckos (D:3)
  23 orcs
  3 giant cockroaches
  4 goblins
  6 hobgoblins
  4 quokkas
  A ball python (D:1)
  4 bats
  2 frilled lizards
  A kobold (D:3)
  5 rats
137 creatures vanquished.

Notes
Turn   | Place    | Note
-------+----------+-------------------------------------------
     0 | D:1      | prawnwizard the Octopode Transmuter began the quest for the Orb.
     0 | D:1      | Reached XP level 1. HP: 13/13 MP: 3/3
   119 | D:1      | You fall through a shaft!
   158 | D:2      | Reached XP level 2. HP: 12/18 MP: 5/5
   324 | D:2      | Noticed Sigmund
   338 | D:2      | Killed Sigmund
   338 | D:2      | Reached skill level 4 in Unarmed Combat
   338 | D:2      | Reached XP level 3. HP: 19/24 MP: 7/7
   338 | D:2      | Reached XP level 4. HP: 23/29 MP: 8/8
   338 | D:2      | Reached XP level 5. HP: 27/34 MP: 9/9
   584 | D:2      | Found a hide-covered altar of Uskayaw.
   584 | D:2      | Found an ancient bone altar of Kikubaaqudgha.
   585 | D:2      | Found a shimmering altar of Xom.
   613 | D:2      | Found a shattered altar of Ashenzari.
   879 | D:2      | Learned a level 2 spell: Sticks to Snakes
   883 | D:2      | Learned a level 3 spell: Spider Form
   935 | D:3      | Noticed Ijyb
   935 | D:3      | Noticed Natasha
   936 | D:3      | Noticed prawnwizard's ghost (weakling OpTm)
  1206 | D:3      | Paralysed by Ijyb for 4 turns
  1212 | D:3      | Paralysed by Ijyb for 7 turns
  1214 | D:3      | Killed Ijyb
  1645 | D:3      | Killed prawnwizard's ghost
  1645 | D:3      | Reached XP level 6. HP: 41/41 MP: 6/10
  1864 | D:3      | Killed Natasha
  2102 | D:3      | Noticed Purgy
  2117 | D:3      | Killed Purgy
  2117 | D:3      | Reached skill level 5 in Unarmed Combat
  2518 | D:3      | Noticed Natasha
  2549 | D:3      | Killed Natasha
  2549 | D:3      | Reached XP level 7. HP: 31/45 MP: 1/11
  2813 | D:3      | Noticed Natasha
  2823 | D:3      | Killed Natasha
  2931 | D:3      | Learned a level 4 spell: Ice Form
  3259 | D:4      | Found a staircase to the Ecumenical Temple.
  3286 | Temple   | Entered the Ecumenical Temple
  3456 | Temple   | Became a worshipper of Warmaster Okawaru
  3720 | D:5      | Entered Level 5 of the Dungeon
  3720 | D:5      | Noticed Edmund
  3732 | D:5      | Killed Edmund
  3732 | D:5      | Reached skill level 6 in Unarmed Combat
  3732 | D:5      | Reached XP level 8. HP: 49/52 MP: 10/13
  4131 | D:5      | Reached * piety under Okawaru
  4641 | D:5      | Found Piwn's Magic Scroll Emporium.
  4643 | D:5      | Noticed Prince Ribbit
  4647 | D:5      | Noticed Menkaure
  4655 | D:5      | Killed Menkaure
  4662 | D:5      | Killed Prince Ribbit
  4705 | D:5      | Reached skill level 7 in Unarmed Combat
  5254 | D:6      | Reached ** piety under Okawaru
  5254 | D:6      | Reached XP level 9. HP: 31/59 MP: 13/15
  5423 | D:6      | Reached skill level 5 in Dodging
  5423 | D:6      | Reached skill level 5 in Transmutations
  5501 | D:6      | Found a bloodstained altar of Trog.
  5695 | D:6      | Found a stormy altar of Qazlal.
  6860 | D:7      | Reached skill level 8 in Unarmed Combat
  6864 | D:7      | Reached skill level 5 in Fighting
  7276 | D:7      | Noticed a hornet
  7285 | D:7      | Killed a hornet
  7285 | D:7      | Reached skill level 5 in Spellcasting
  7319 | D:7      | Reached *** piety under Okawaru
  8358 | D:8      | Noticed a two-headed ogre
  8375 | D:8      | Killed a two-headed ogre
  8375 | D:8      | Reached **** piety under Okawaru
  8375 | D:8      | Reached skill level 9 in Unarmed Combat
  8375 | D:8      | Reached XP level 10. HP: 25/68 MP: 15/18
  8619 | D:8      | Noticed a two-headed ogre
  8880 | D:7      | Demolished by a two-headed ogre

Skill      XL: |  1  2  3  4  5  6  7  8  9 |
---------------+----------------------------+-----
Fighting       | 2 3 4 5 |  5.7
Unarmed Combat | 4 5 6 7 9 |  9.0
Transmutations | 3 4 6 |  6.1
Dodging        | 3 4 6 |  6.1
Spellcasting   | 3 4 5 |  5.5

Action                   |  1- 3 |  4- 6 |  7- 9 | 10-12 || total
-------------------------+-------+-------+-------+-------++-------
Melee: Unarmed           |    35 |    83 |   367 |    10 ||   495
       Constrict         |     9 |     7 |    29 |       ||    45
       Tentacles         |     3 |     5 |    22 |       ||    30
       Kick              |     1 |     1 |       |       ||     2
       Punch             |       |     1 |     8 |       ||     9
 Cast: Beastly Appendage |     2 |     1 |       |       ||     3
       Spider Form       |       |     7 |    26 |     1 ||    34
  Use: Scroll            |       |       |    13 |     1 ||    14
 Stab: Sleeping          |     4 |     6 |    10 |       ||    20
  Eat: Chunk             |       |     6 |    21 |     2 ||    29
Armor: Skin              |     2 |     4 |     9 |       ||    15
Dodge: Dodged            |    23 |    70 |   235 |     9 ||   337
